 Dungeon Crawl Stone Soup version 0.18.1-5-g4a78601 (webtiles) character file.

249 vatarom the Chopper (level 6, 0/47 HPs)
             Began as a Formicid Fighter on May 9, 2016.
             Was an Initiate of Qazlal.
             Slain by an orc
             ... wielding a +0 hand axe
              (5 damage)
             ... on level 3 of the Dungeon.
             The game lasted 00:03:32 (1849 turns).

vatarom the Chopper (Formicid Fighter)              Turns: 1849, Time: 00:03:33

Health: 0/47       AC:  8    Str: 20    XL:     6   Next: 34%
Magic:  6/6        EV:  8    Int: 10    God:    Qazlal [......]
Gold:   89         SH:  0    Dex: 10    Spells: 0 memorised, 5 levels left

rFire  . . .     SeeInvis +     a - +1 war axe
rCold  . . .     Gourm    .     b - +0 scale mail
rNeg   . . .     Faith    .     c - +1 shield
rPois  .         Spirit   .     (helmet unavailable)
rElec  .         Dismiss  .     (no cloak)
rCorr  .         Reflect  .     (no gloves)
SustAt .         Harm     .     e - +0 pair of boots
MR     .....                    (no amulet)
Stlth  ..........               (no ring)
                                (no ring)

@: confused, not resistant to hostile enchantments, extremely unstealthy
A: permanent stasis, dig shafts and tunnels, four strong arms, antennae 3
a: Dig, Shaft Self, Renounce Religion


You were on level 3 of the Dungeon.
You worshipped Qazlal.
Qazlal was noncommittal.
You were not hungry.

You visited 1 branch of the dungeon, and saw 3 of its levels.

You collected 89 gold pieces.

Inventory:

Hand Weapons
 a - a +1 war axe (weapon)
 h - a cursed -2 spear
Armour
 b - a +0 scale mail (worn)
 c - a +1 shield (worn)
 e - a +0 pair of boots (worn)
Scrolls
 k - a scroll of fog
Potions
 j - a potion of agility
Comestibles
 d - 4 chunks of flesh
 f - a bread ration
 g - a meat ration


   Skills:
 - Level 3.2 Fighting
 * Level 4.9 Axes
 - Level 2.3 Throwing
 - Level 3.2 Armour
 + Level 4.8 Shields


You had 5 spell levels left.
You didn't know any spells.

Dungeon Overview and Level Annotations

Branches:
Dungeon (3/15)

Altars:
Fedhas
Qazlal


Innate Abilities, Weirdness & Mutations

You are under a permanent stasis effect.
You can dig through walls and to a lower floor.
Your four strong arms can wield two-handed weapons with a shield.
You have a pair of large antennae on your head (SInv).


Message History

The orc wizard is heavily wounded.
You miss the orc. You miss the orc wizard.
The orc priest invokes the aid of Beogh against you.
Pain shoots through your body!
* * * LOW HITPOINT WARNING * * *
The orc wizard hits you with a dagger.
* * * LOW HITPOINT WARNING * * *
The orc wizard closely misses you. The orc barely misses you.
The orc priest hits you but does no damage.
The orc wizard hits you but does no damage.
Drink which item? (? for menu, Esc to quit)
Okay, then.
You hit the orc priest.
The orc priest is almost dead.
You closely miss the orc wizard.
The orc wizard is heavily wounded.
Your shield and scale mail prevent you from hitting the orc.
You miss the orc wizard. The orc wizard barely misses you.
The orc hits you with a hand axe.
You die...

### #.##########
#..........#
#.########.#
#(########.#
#.##.......# #
#.##.#######
....###'##......<#
......o@)#########
......ooo......
.........######
.........#
.........#
###......#
#......# ########


You could see an orc priest, 2 orc wizards and an orc.

Vanquished Creatures
  Sigmund (D:2)
  An orc wizard (D:3)
  An adder (D:2)
  2 oozes
  A worm (D:2)
  3 dart slugs
  2 giant cockroaches (D:2)
  7 goblins
  4 hobgoblins
  4 jackals (D:1)
  3 kobolds
  A quokka (D:2)
  A ball python (D:1)
  2 bats (D:2)
  6 giant newts
  7 rats
46 creatures vanquished.

Notes
Turn   | Place    | Note
--------------------------------------------------------------
     0 | D:1      | vatarom the Formicid Fighter began the quest for the Orb.
     0 | D:1      | Reached XP level 1. HP: 18/18 MP: 1/1
    91 | D:1      | Reached XP level 2. HP: 24/24 MP: 2/2
   133 | D:1      | Reached skill level 1 in Throwing
   362 | D:1      | Reached XP level 3. HP: 28/29 MP: 3/3
  1144 | D:2      | Reached XP level 4. HP: 35/35 MP: 4/4
  1198 | D:2      | Found a stormy altar of Qazlal.
  1291 | D:2      | Became a worshipper of Qazlal Stormbringer
  1573 | D:2      | Found a blossoming altar of Fedhas.
  1635 | D:2      | Noticed Sigmund
  1646 | D:2      | Killed Sigmund
  1646 | D:2      | Reached XP level 5. HP: 39/41 MP: 5/5
  1646 | D:2      | Reached XP level 6. HP: 44/47 MP: 6/6
  1849 | D:3      | Slain by an orc

Skill      XL: |  1  2  3  4 |
---------------+-------------+-----
Throwing       | 1 2 |  2.3
Axes           | 3 4 |  4.9
Shields        | 4 |  4.8
Fighting       | |  3.2
Armour         | |  3.2

Action                   |  1- 3 |  4- 6 || total
-------------------------+-------+-------++-------
Melee: War axe           |    87 |    44 ||   131
 Abil: Dig               |     2 |       ||     2
  Use: Scroll            |     8 |       ||     8
       Potion            |     1 |     3 ||     4
  Eat: Bread ration      |     1 |       ||     1
Armor: Scale mail        |    41 |    20 ||    61
Dodge: Dodged            |    44 |    16 ||    60
Block: Shield            |    39 |    21 ||    60
